 Dungeon Crawl Stone Soup version 0.22-a0-162-g33bf1272b0 (console) character file.

39 Muffindrake the Sneak (level 3, 0/27 HPs)
             Began as a Vampire Assassin on Feb 12, 2018.
             Slain by a goblin
             ... wielding a +0 club
             ... led by Robin
              (4 damage)
             ... on level 2 of the Dungeon.
             The game lasted 00:03:29 (823 turns).

Muffindrake the Sneak (Vampire Assassin)             Turns: 823, Time: 00:03:29

Health: 0/27       AC:  3    Str: 10    XL:     3   Next: 26%
Magic:  3/3        EV: 12    Int: 13    God:
Gold:   74         SH:  0    Dex: 16    Spells: 2/2 levels left

rFire    . . .     SeeInvis +   a - +2 dagger
rCold    . . .     Gourm    .   (no shield)
rNeg     + . .     Faith    .   c - +0 robe
rPois    .         Spirit   .   (no helmet)
rElec    .         Reflect  .   d - +0 cloak
rCorr    .         Harm     .   (no gloves)
MR       .....                  (no boots)
Stlth    +++.......             (no amulet)
HPRegen  0.09/turn              (no ring)
MPRegen  0.08/turn              (no ring)

@: no status effects
A: fangs 3, see invisible, unbreathing
a: Bat Form


You were on level 2 of the Dungeon.
You were not thirsty.

You visited 1 branch of the dungeon, and saw 2 of its levels.

You collected 74 gold pieces.

Inventory:

Hand Weapons
 a - a +2 dagger (weapon)
 b - a +0 blowgun
Missiles
 e - 8 poisoned needles
 f - 2 curare-tipped needles
Armour
 c - a +0 robe (worn)
 d - a +0 cloak (worn)
Jewellery
 m - an uncursed amulet of faith {unknown}
Scrolls
 h - a scroll of identify {unknown}
 i - 2 scrolls of remove curse
Potions
 g - 8 potions of blood
 j - a potion of curing


   Skills:
 - Level 1.9 Fighting
 * Level 3.9 Short Blades
 - Level 1.5 Throwing
 - Level 1.1 Dodging
 - Level 6.0 Stealth


You had 2 spell levels left.
You didn't know any spells.

Dungeon Overview and Level Annotations

Branches:
Dungeon (2/15)

Altars:

Annotations:
D:2 Robin


Innate Abilities, Weirdness & Mutations

You have razor-sharp teeth.
You have supernaturally acute eyesight. (SInv)
You can survive without breathing.


Message History

A goblin comes into view.
You hit the bat.
You kill the bat!
Items here: )))) †† a club; a dagger; a club; a dagger; a goblin corpse x2
A jackal comes into view.
You hit the goblin.
You kill the goblin!
You closely miss the goblin. The goblin misses you.
The jackal barks!
You hit the goblin.
The goblin is severely wounded.
You hit the goblin.
You kill the goblin!
You hit the goblin but do no damage. The goblin closely misses you.
You hit the jackal.
The jackal is moderately wounded.
The jackal bites you but does no damage.
The goblin hits you with a club.
You die...

...#####..###### #..
#.## #..# #.#
#...###.### .....##
#.).....w.# ......##
####..%##..# ...h..>#
#..)# #...# .......#
#.#.# ##.####
.w..w..######.#.##
#....#
.......##..ww.#.h#
####.#
.......#.?######@# #.#
.........## #g# #.#
.....#.### #.## #.#
#......#### #..# #.#
#.####....### ##.# #.#
# ####...# #.## #.####
###.#####..# #....####
#......#.########.w..#
######...............#
####)########...# #.#
#...#


You could see a jackal and a goblin.

Vanquished Creatures
  2 bats
  3 giant cockroaches
  9 goblins
  5 hobgoblins
  5 jackals
  5 kobolds
  2 frilled lizards (D:1)
  A rat (D:1)
32 creatures vanquished.

Notes
Turn   | Place    | Note
-------+----------+-------------------------------------------
     0 | D:1      | Muffindrake the Vampire Assassin began the quest for the Orb.
     0 | D:1      | Reached XP level 1. HP: 16/16 MP: 1/1
    40 | D:1      | Reached skill level 6 in Stealth
   164 | D:1      | Reached XP level 2. HP: 16/22 MP: 2/2
   772 | D:2      | Noticed Robin
   788 | D:2      | Reached XP level 3. HP: 9/27 MP: 3/3
   823 | D:2      | Slain by a goblin

Vault maps used:
D:1:      minmay_arrival_open_corners
D:2:      first_ration, uniq_robin

Skill      XL: |  1  2 |
---------------+-------+-----
Stealth        | 6 |  6.0
Short Blades   | 3 |  3.9
Fighting       | |  1.9
Throwing       | |  1.5
Dodging        | |  1.1

Action                   || total
-------------------------++-------
Melee: Dagger            ||   109
       Bite              ||     5
  Use: Scroll            ||     3
       Potion            ||     2
 Stab: Sleeping          ||     4
       Distracted        ||     1
Armor: Robe              ||    25
Dodge: Dodged            ||    70

Table legend:
 A = Spawn XP
 B = Non-spawn XP
 C = Spawn XP percentage of total XP
 D = Spawn monster count
 E = Non-spawn monster count
 F = Spawn count percentage of total count
 G = Total turns spent on level
                    A         B        C        D         E        F      G
               +---------+---------+-------+---------+---------+-------+---------
         Total |       0 |      56 |   0.0 |       0 |      32 |   0.0 |   823
               +---------+---------+-------+---------+---------+-------+---------
           D:1 |       0 |      27 |   0.0 |       0 |      16 |   0.0 |   650
           D:2 |       0 |      29 |   0.0 |       0 |      16 |   0.0 |   173
               +---------+---------+-------+---------+---------+-------+---------
